 Dungeon Crawl Stone Soup version 0.27.0-1-g7a089689b8 (webtiles) character file.

Game seed: 16289670180300331376

596 Crownlay the Fighter (level 7, 0/106 HPs)
             Began as a Minotaur Berserker on Aug 12, 2021.
             Was a Believer of Trog.
             Slain by a water moccasin (5 damage)
             ... on level 4 of the Dungeon.
             The game lasted 00:05:37 (4356 turns).

Crownlay the Fighter (Minotaur Berserker)           Turns: 4356, Time: 00:05:37

Health: 0/106      AC:  2    Str: 36    XL:     7   Next: 17%
Magic:  6/6        EV: 12    Int:  4    God:    Trog [**....]
Gold:   180        SH:  0    Dex:  9    Spells: 6/6 levels left

rFire    . . .     SeeInvis .   a - +0 falchion
rCold    . . .     Faith    .   (no shield)
rNeg     . . .     Spirit   .   b - +0 animal skin
rPois    .         Reflect  .   (helmet restricted)
rElec    .         Harm     .   (no cloak)
rCorr    .         Rampage  .   (no gloves)
Will     ++...                  (no boots)
Stlth    ..........             (no amulet)
HPRegen  1.27/turn              m - +6 ring of strength
MPRegen  0.10/turn              u - +6 ring of strength

@: berserking, lethally poisoned (0 -> -1), strong-willed, regenerating, very
quick
A: horns 2, retaliatory headbutt
a: Renounce Religion, Berserk, Trog's Hand


You were on level 4 of the Dungeon.
You worshipped Trog.
Trog was pleased with you.
You visited 1 branch of the dungeon, and saw 4 of its levels.

You collected 180 gold pieces.

Inventory:

Hand Weapons
 a - a +0 falchion (weapon)
Armour
 b - a +0 animal skin (worn)
 g - a +0 plate armour
Jewellery
 m - a +6 ring of strength (left hand)
 u - a +6 ring of strength (right hand)
 w - an amulet of magic regeneration
Wands
 s - a wand of iceblast (7)
 v - a wand of polymorph (10)
Scrolls
 c - a scroll of torment {unknown}
 d - a scroll of silence {unknown}
 f - 5 scrolls of identify {unknown}
 j - a scroll of summoning {unknown}
 l - 3 scrolls of vulnerability {unknown}
 o - a scroll of fog {unknown}
 p - 2 scrolls of magic mapping {unknown}
 r - a scroll of amnesia {unknown}
Potions
 e - a potion of flight {unknown}
 h - a potion of haste {unknown}
 i - 2 potions of brilliance {unknown}
 k - a potion of curing {unknown}
 n - a potion of might {unknown}
 q - a potion of resistance {unknown}
 t - 3 potions of heal wounds {unknown}


   Skills:
 + Level 9.9 Fighting
 - Level 3.6 Long Blades
 - Level 2.4 Armour
 - Level 2.1 Dodging


You had 6 spell levels left.
You didn't know any spells.
Your spell library was empty.

Dungeon Overview and Level Annotations

Branches:
Dungeon (4/15)
 Temple: D:4-7

Altars:
Ashenzari
Qazlal
The Shining One

Shops:
D:4 :


Innate Abilities, Weirdness & Mutations

You have a pair of horns on your head.
You reflexively headbutt those who attack you in melee.


Message History

You are poisoned.
The water moccasin poisons you! The water moccasin bites you.
You closely miss the water moccasin.
The water moccasin is lightly wounded.
You feel very sick. The water moccasin bites you.
You are more poisoned.
The water moccasin poisons you!
You hit the water moccasin but do no damage.
Your headbutt misses the water moccasin.
The water moccasin is lightly wounded.
You feel very sick. The water moccasin bites you. The water moccasin bites you!
You are more poisoned.
The water moccasin poisons you!
Your skin crawls.
You feel strong-willed.
You feel very sick. The water moccasin bites you!
* * * LOW HITPOINT WARNING * * *
The water moccasin barely misses you.
A red film seems to cover your vision as you go berserk!
You feel yourself moving faster!
You feel mighty!
You feel very sick.
The water moccasin bites you but does no damage.
You slash the water moccasin!
The water moccasin is moderately wounded.
You feel very sick. The water moccasin bites you.
* * * LOW HITPOINT WARNING * * *
You closely miss the water moccasin. You headbutt the water moccasin!!
The water moccasin is almost dead.
You feel sick. The water moccasin bites you!
* * * LOW HITPOINT WARNING * * *
You closely miss the water moccasin.
Your headbutt misses the water moccasin.
The water moccasin is almost dead.
You feel very sick. The water moccasin bites you.
You die...

#........÷####..#######.#
#.........#.....#.......#
#.........#.#..†..#######
#.........#.#.....########
#.........#...#...........
#.........#.....#.########
#.........#.....#.#
#...........#...#.#
.....##@#.#.#.# ###.
#S#.....# #.#...###
#.##### #.# #.# ..# ###


You could see a water moccasin.

Vanquished Creatures
  A necrophage (D:4)
  A black bear (D:4)
  A bullfrog (D:3)
  2 hounds
  A bullfrog skeleton (D:4)
  An orc priest (D:3)
  An iguana (D:4)
  A hound skeleton (D:2)
  A howler monkey skeleton (D:4)
  8 adders
  2 worms (D:3)
  An adder skeleton (D:4)
  3 dart slugs
  5 orcs (D:3)
  3 ball pythons
  10 endoplasms
  2 giant cockroaches (D:3)
  8 goblins
  8 hobgoblins
  3 jackals
  7 quokkas
  16 bats
  7 frilled lizards
  3 kobolds
  7 rats
103 creatures vanquished.

Notes
Turn   | Place    | Note
-------+----------+-------------------------------------------
     0 | D:1      | Crownlay the Minotaur Berserker began the quest for the
                  | Orb.
     0 | D:1      | Reached XP level 1. HP: 19/19 MP: 0/0
    57 | D:1      | Reached skill level 4 in Fighting
   118 | D:1      | Reached XP level 2. HP: 24/28 MP: 1/1
   218 | D:1      | Found a faded altar of an unknown god.
   893 | D:1      | Reached skill level 5 in Fighting
  1053 | D:2      | Reached XP level 3. HP: 34/36 MP: 2/2
  1406 | D:2      | Reached ** piety under Trog
  1715 | D:2      | Reached skill level 6 in Fighting
  1715 | D:2      | Reached XP level 4. HP: 31/44 MP: 3/3
  2185 | D:3      | Noticed a bullfrog
  2193 | D:3      | Killed a bullfrog
  2194 | D:3      | Reached skill level 7 in Fighting
  2194 | D:3      | Reached XP level 5. HP: 34/52 MP: 4/4
  2535 | D:3      | Found a broken altar of Ashenzari.
  2617 | D:3      | Noticed a water elemental
  2620 | D:3      | Found a stormy altar of Qazlal.
  2621 | D:3      | Noticed an air elemental
  2621 | D:3      | Noticed a fire elemental
  2876 | D:3      | Reached skill level 8 in Fighting
  3175 | D:3      | Reached XP level 6. HP: 55/61 MP: 5/5
  3675 | D:4      | Found a glowing golden altar of the Shining One.
  3895 | D:4      | Reached *** piety under Trog
  4037 | D:4      | Found Fawi's Book Shoppe.
  4043 | D:4      | Reached skill level 9 in Fighting
  4063 | D:4      | Reached XP level 7. HP: 28/71 MP: 6/6
  4356 | D:4      | HP: 5/106 [poisoned by a water moccasin]
  4356 | D:4      | Slain by a water moccasin

Illustrated notes

Levels and vault maps discovered:
D:1:      dpeg_arrival_rhombus, layout_basic, chequers_ecumenical_altar_twisty,
          serial_bayou_lagoon_a, minmay_misc_feat_rows, minmay_domino_2
D:2:      layout_basic, kennysheep_generic_room_6
D:3:      minmay_chambers_of_threes, layout_loops_cross,
          nicolae_qazlal_style_of_elements, mainiacjoe_overflow_small_starburst,
          serial_glass, glass_columns_b, glass_columns_a, glass_columns_a,
          glass_columns_c, glass_columns_b, minmay_pentangle
D:4:      layout_basic, lemuel_doored_altar, minmay_temple_entry_fiery,
          serial_shops, nicolae_stop_n_shop_2

Skill      XL: |  1  2  3  4  5  6 |
---------------+-------------------+-----
Fighting       | 4 5 6 7 8 9 |  9.9
Long Blades    | |  3.6
Armour         | |  2.4
Dodging        | |  2.1

Action                   |  1- 3 |  4- 6 |  7- 9 || total
-------------------------+-------+-------+-------++-------
Melee: Falchion          |    76 |   126 |     9 ||   211
       Headbutt          |    11 |    31 |     2 ||    44
Invok: Trog's Hand       |       |     1 |     1 ||     2
       Berserk           |       |     1 |     1 ||     2
 Stab: Sleeping          |     1 |       |       ||     1
Armor: Animal skin       |    21 |    30 |     1 ||    52
Dodge: Dodged            |    68 |   100 |     4 ||   172
       Rpst.: Falchion   |    17 |    18 |       ||    35
